 Dungeon Crawl Stone Soup version 0.31-a0-640-g39d97e502b (webtiles) character file.

Game seed: 13646005004169798389

1360 qw the Skirmisher (level 8, 0/51 HPs)
             Began as a Gargoyle Hunter on Aug 27, 2023.
             Slain by a gnoll
             ... wielding a +0 halberd
              (9 damage)
             ... on level 6 of the Dungeon.
             The game lasted 00:02:08 (4461 turns).

qw the Skirmisher (Gargoyle Hunter)                 Turns: 4461, Time: 00:02:08

Health: 0/51       AC: 14    Str: 15    XL:     8   Next: 64%
Magic:  8/8        EV: 11    Int: 10    God:
Gold:   390        SH:  0    Dex: 15    Spells: 7/7 levels left

rFire   . . .        Y - +0 shortbow
rCold   + . .        (shield currently unavailable)
rNeg    + . .        b - +0 ring mail
rPois   inf          (no helmet)
rElec   +            g - +1 cloak
rCorr   .            a - +0 pair of gloves
SInv    .            (no boots)
Will    .....        c - amulet of faith
Stlth   +            j - ring of protection from cold
HPRegen 0.28/turn    (no ring)
MPRegen 0.11/turn

%: faith
@: about to teleport
A: sickness immunity, AC +5, negative energy resistance 1, electricity
resistance, torment resistance 1, petrification resistance
a: no special abilities


You were on level 6 of the Dungeon.
You visited 2 branches of the dungeon, and saw 7 of its levels.

You collected 390 gold pieces.


Innate Abilities, Weirdness & Mutations

You are immune to sickness and miasma.
Your stone body is resilient. (AC +5)
You are immune to poison.
You resist negative energy. (rN+)
You are resistant to electric shocks. (rElec)
You are resistant to unholy torment.
You are immune to petrification.


   Skills:
 - Level 6.0 Fighting
 + Level 9.2 Ranged Weapons
 - Level 2.8 Armour
 - Level 2.1 Dodging
 - Level 1.1 Stealth


You had 7 spell levels left.
You didn't know any spells.
Your spell library was empty.

Inventory:

Hand Weapons
 Y - a +0 shortbow (weapon)
Armour
 a - a +0 pair of gloves (worn)
 b - a +0 ring mail (worn)
 g - a +1 cloak (worn)
 q - a +0 pair of boots
Jewellery
 c - an amulet of faith (around neck)
 h - an amulet of the acrobat
 j - a ring of protection from cold (left hand)
 p - a ring of see invisible
Scrolls
 d - a scroll of teleportation
 e - a scroll of identify
Potions
 f - 3 potions of heal wounds
 i - a potion of enlightenment
 k - a potion of cancellation
 l - a potion of might {unknown}
 m - a potion of mutation {unknown}
 n - a potion of curing
 o - a potion of berserk rage {unknown}

Dungeon Overview and Level Annotations

Branches:
Dungeon (6/15)             Temple (1/1) D:5

Altars:
Ashenzari
Elyvilon
Fedhas
Gozag
Hepliaklqana
Nemelex Xobeh
Qazlal
Ru
Sif Muna
Uskayaw
Vehumet
Xom
Yredelemnul
Zin
The Shining One

Shops:
D:4 =   D:5 :


Message History

The hound bites you but does no damage.
The gnoll hits you from afar with a +0 halberd.
You shoot an arrow.
The arrow hits the hound but does no damage.
The hound is heavily wounded.
The hound closely misses you. The gnoll misses you.
The hound closely misses you.
You shoot an arrow. The arrow completely misses the hound.
The hound barely misses you.
The gnoll hits you from afar with a +0 halberd!
You shoot an arrow. The arrow hits the hound!
The hound is almost dead.
The hound bites you but does no damage. The gnoll barely misses you.
The hound bites you but does no damage.
You shoot an arrow. The arrow hits the hound.
You kill the hound!
The gnoll barely misses you.
You shoot an arrow. The arrow closely misses the gnoll.
The gnoll hits you from afar with a +0 halberd.
You shoot an arrow. The arrow hits the gnoll!
The gnoll is heavily wounded.
The gnoll closely misses you.
You shoot an arrow. The arrow barely misses the gnoll.
The gnoll hits you from afar with a +0 halberd.
You shoot an arrow. The arrow closely misses the gnoll.
The gnoll closely misses you.
You shoot an arrow. The arrow hits the gnoll.
The gnoll is almost dead.
The gnoll hits you from afar with a +0 halberd!
You shoot an arrow. The arrow barely misses the gnoll.
The gnoll closely misses you.
You shoot an arrow. The arrow barely misses the gnoll.
The gnoll closely misses you.
You shoot an arrow. The arrow completely misses the gnoll.
The gnoll hits you from afar with a +0 halberd.
4461 ||| READING 2 scrolls of teleportation.
As you read the scroll of teleportation, it crumbles to dust.
You feel strangely unstable.
The gnoll hits you from afar with a +0 halberd!
You die...

##......##
#.>...#..#
.......####
..........#
#######
..........#
#.....#
###########
#####.## +.##
#g.h.g.# #..##
#.###%.# ..#.##
#..#.@### #..#.##
#s###..# ....#.##
..#..### ..#..#.##
hg###..#
##.#..#.##..#..###
.##.#..#.#####..#
####.#..#.##..###
# ##.#..#.##..# #
##.#..#..###


You could see a gnoll.

Vanquished Creatures
  Eustachio (D:4)
  A black bear (D:4)
  A phantom (D:2)
  Blork the orc (D:5)
  A bullfrog (D:6)
  3 scorpions
  3 wights (D:6)
  A jelly (D:4)
  2 orc priests (D:4)
  4 hounds
  2 orc wizards (D:5)
  Natasha (twice) (D:2)
  2 iguanas
  2 sleepcaps (D:5)
  6 adders
  An ufetubus (D:6)
  A worm (D:2)
  A dart slug (D:4)
  17 orcs
  2 bats (D:2)
  9 endoplasms
  2 giant cockroaches (D:1)
  12 hobgoblins
  9 jackals
  6 kobolds
  6 quokkas
  6 ball pythons
  4 frilled lizards
  6 goblins
  2 rats
116 creatures vanquished.

Notes
Turn   | Place    | Note
-------+----------+-------------------------------------------
     0 | D:1      | qw the Gargoyle Hunter began the quest for the Orb.
     0 | D:1      | Reached XP level 1. HP: 12/12 MP: 1/1
     0 | D:1      | 0 ||| qw: Version: 0.3-a-74-g0d5e918
     0 | D:1      | 0 ||| qw: Game counter: 150
     0 | D:1      | 0 ||| qw: Melee chars always use a shield: true
     0 | D:1      | 0 ||| qw: God list: Okawaru
     0 | D:1      | 0 ||| qw: Allow faded altars: false
     0 | D:1      | 0 ||| qw: Do Orc after clearing Dungeon:15 true
     0 | D:1      | 0 ||| qw: Do second Lair branch before Depths: true
     0 | D:1      | 0 ||| qw: Lair rune preference: random
     0 | D:1      | 0 ||| qw: Goals: Normal
     0 | D:1      | 0 ||| PLANNING D:1-11
    90 | D:1      | HP: 3/12 [jackal (2)]
   154 | D:1      | Reached XP level 2. HP: 17/17 MP: 2/2
   345 | D:1      | Reached XP level 3. HP: 21/21 MP: 3/3
   417 | D:1      | Reached skill level 5 in Ranged Weapons
   457 | D:1      | 457 ||| UPGRADING to +1 cloak.
   462 | D:1      | 462 ||| READING scroll labelled NOSCHECUKKI.
   463 | D:1      | 463 ||| READING scroll labelled ALYNUA IDYGURR.
   564 | D:1      | 564 ||| READING scroll labelled XIYHUI VIPUMO.
   565 | D:1      | 565 ||| DROPPING scroll of butterflies.
   691 | D:2      | Noticed Natasha
   703 | D:2      | HP: 3/22 [Natasha (7)]
   703 | D:2      | HP: 1/22 [Natasha (2)]
   707 | D:2      | Killed Natasha
   708 | D:2      | Reached skill level 3 in Fighting
   708 | D:2      | Reached XP level 4. HP: 4/28 MP: 4/4
   887 | D:2      | Noticed Natasha
   889 | D:2      | Killed Natasha
   959 | D:2      | Noticed a phantom
   981 | D:2      | Killed a phantom
   982 | D:2      | Reached skill level 6 in Ranged Weapons
   982 | D:2      | Reached XP level 5. HP: 13/32 MP: 5/5
  1285 | D:2      | 1285 ||| UPGRADING to +0 pair of gloves.
  1290 | D:2      | 1290 ||| UPGRADING to +0 ring mail.
  1300 | D:2      | 1300 ||| DROPPING +0 leather armour.
  1301 | D:2      | 1301 ||| READING 2 scrolls labelled VOINTI HUNKEURAGIN.
  1306 | D:2      | 1306 ||| READING scroll labelled EGAKYINUOD.
  1324 | D:3      | 1324 ||| STAIRDANCE
  1392 | D:3      | Reached skill level 1 in Armour
  1777 | D:3      | Identified the +9 trident of Cimuod {heavy, Will+ Str-3
                  | Int+2}
  1778 | D:3      | Found a faded altar of an unknown god.
  1952 | D:3      | 1952 ||| UPGRADING to ring of protection from cold.
  1953 | D:3      | 1953 ||| READING 4 scrolls labelled IFOPTO GEIRR.
  1954 | D:3      | 1954 ||| READING scroll labelled UCAUNW QICUDO.
  1955 | D:3      | 1955 ||| READING 3 scrolls of identify.
  1955 | D:3      | 1955 ||| IDENTIFYING yellow potion
  1956 | D:3      | 1956 ||| READING 2 scrolls of identify.
  1956 | D:3      | 1956 ||| IDENTIFYING sapphire potion
  1957 | D:3      | 1957 ||| DROPPING potion of degeneration.
  2059 | D:4      | Reached XP level 6. HP: 25/38 MP: 6/6
  2162 | D:4      | Found a shimmering blue altar of Sif Muna.
  2221 | D:4      | Found an opulent altar of Gozag.
  2278 | D:4      | Noticed Eustachio
  2291 | D:4      | 2291 ||| RETREATING.
  2341 | D:4      | Killed Eustachio
  2342 | D:4      | Reached skill level 7 in Ranged Weapons
  2342 | D:4      | Reached XP level 7. HP: 13/43 MP: 7/7
  2478 | D:4      | Found Odwehex's Jewellery Emporium.
  2608 | D:4      | 2608 ||| SHOPLISTING +4 ring of protection (468 gold, have
                  | 189).
  2608 | D:4      | 2608 ||| SHOPLISTING +4 ring of slaying (1014 gold, have
                  | 189).
  2608 | D:4      | 2608 ||| SHOPLISTING amulet of reflection (390 gold, have
                  | 189).
  2608 | D:4      | 2608 ||| SHOPLISTING amulet of regeneration (390 gold, have
                  | 189).
  2608 | D:4      | 2608 ||| SHOPLISTING ring "Forget-Me-Not" {Wiz rC+ Str-3
                  | Dex+3} (572 gold, have 189).
  2608 | D:4      | 2608 ||| SHOPLISTING ring of see invisible (195 gold, have
                  | 189).
  2912 | D:4      | Reached skill level 8 in Ranged Weapons
  3148 | D:4      | 3148 ||| UPGRADING to amulet of faith.
  3153 | D:4      | 3153 ||| READING 2 scrolls of identify.
  3153 | D:4      | 3153 ||| IDENTIFYING brown potion
  3190 | D:5      | Entered Level 5 of the Dungeon
  3222 | D:5      | Found a staircase to the Ecumenical Temple.
  3223 | D:5      | 3223 ||| PLANNING TEMPLE
  3229 | Temple   | Entered the Ecumenical Temple
  3230 | Temple   | 3230 ||| PLANNING D:1-11
  3420 | D:5      | Reached XP level 8. HP: 45/49 MP: 8/8
  3519 | D:5      | Found Epnuud's Book Emporium.
  3774 | D:5      | Noticed Blork the orc
  3789 | D:5      | Killed Blork the orc
  3933 | D:5      | 3933 ||| DROPPING ring of wizardry.
  3934 | D:5      | 3934 ||| READING scroll labelled UCLOUTO VIPHAFA.
  3935 | D:5      | 3935 ||| DRINKING 3 cyan potions.
  3936 | D:5      | 3936 ||| READING 2 scrolls of identify.
  3936 | D:5      | 3936 ||| IDENTIFYING smoky puce potion
  3951 | D:6      | 3951 ||| STAIRDANCE
  3960 | D:6      | 3960 ||| STAIRDANCE
  4027 | D:6      | 4027 ||| STAIRDANCE
  4041 | D:6      | 4041 ||| STAIRDANCE
  4049 | D:5      | 4049 ||| DRINKING 2 potions of curing.
  4049 | D:5      | 4049 ||| (to cure confusion)
  4071 | D:6      | 4071 ||| STAIRDANCE
  4310 | D:6      | Reached skill level 9 in Ranged Weapons
  4428 | D:6      | 4428 ||| RETREATING.
  4433 | D:6      | 4433 ||| Stepping ~*~*~tactically~*~*~ (retreating).
  4434 | D:6      | 4434 ||| Stepping ~*~*~tactically~*~*~ (retreating).
  4440 | D:6      | Reached skill level 6 in Fighting
  4460 | D:6      | HP: 9/51 [gnoll/+0 halberd (5)]
  4461 | D:6      | 4461 ||| READING 2 scrolls of teleportation.
  4461 | D:6      | Slain by a gnoll

Levels and vault maps discovered:
D:1:      beargit_arrival_greenhouse, layout_basic
D:2:      layout_basic, uniq_natasha
D:3:      layout_basic, basic_ecumenical_altar
D:4:      layout_basic, nicolae_sif_muna_little_library,
          nicolae_gozag_cash_rules_everything_around_me, kennysheep_diamond,
          uniq_eustachio
D:5:      layout_gridville, minmay_temple_entry_junction_2, serial_shops, shop,
          uniq_blork_the_orc
D:6:      minmay_razor_zed, layout_cave_pools, uniq_duvessa
Temple:   dshaligram_water_room_temple

Skill      XL: |  1  2  3  4  5  6  7  8 |
---------------+-------------------------+-----
Ranged Weapons | 5 6 7 8 9 |  9.2
Fighting       | 3 4 5 6 |  6.0
Armour         | 1 2 |  2.8
Dodging        | 2 |  2.1
Stealth        | |  1.1

Action                     |  1- 3 |  4- 6 |  7- 9 || total
---------------------------+-------+-------+-------++-------
   Fire: Shortbow          |   110 |   193 |   241 ||   544
    Use: Scroll            |     3 |     6 |     4 ||    13
         Potion            |       |       |     2 ||     2
 Armour: Leather armour    |     9 |    13 |       ||    22
         Ring mail         |       |    45 |    89 ||   134
  Dodge: Dodged            |    39 |    87 |   116 ||   242

Table legend:
 A = Non-vault XP
 B = Vault XP
 C = Vault XP percentage of total XP
 D = Non-vault monster count
 E = Vault monster count
 F = Vault count percentage of total count
                 A         B        C        D         E       F
            +---------+---------+-------+---------+---------+-------
      Total |    1288 |     656 |  33.7 |     108 |       8 |   6.9
            +---------+---------+-------+---------+---------+-------
        D:1 |      43 |       0 |   0.0 |      24 |       0 |   0.0
        D:2 |     189 |      36 |  16.0 |      24 |       1 |   4.0
        D:3 |      43 |       0 |   0.0 |      16 |       0 |   0.0
        D:4 |     301 |     401 |  57.1 |      21 |       4 |  16.0
        D:5 |     374 |      90 |  19.4 |      14 |       1 |   6.7
        D:6 |     338 |     129 |  27.6 |       9 |       2 |  18.2
            +---------+---------+-------+---------+---------+-------
